 Dungeon Crawl Stone Soup version 0.24.0-37-gcf1ca852f1 (webtiles) character file.

Game seed: 17565823103983192477, levelgen mode: deterministic

184372 eccles the Severer (level 17, -2/142 HPs)
             Began as a Demonspawn Berserker on Nov 20, 2019.
             Was the Champion of Trog.
             Slain by a merfolk impaler
             ... wielding a +0 trident
              (8 damage)
             ... on level 4 of the Shoals on Nov 22, 2019.
             The game lasted 03:50:11 (34376 turns).

eccles the Severer (Demonspawn Berserker)          Turns: 34376, Time: 03:50:11

Health: -2/142     AC: 35    Str: 28    XL:     17   Next: 39%
Magic:  0/5        EV: 10    Int:  9    God:    Trog [******]
Gold:   2216       SH:  4    Dex: 13    Spells: 16/16 levels left

rFire    + . .     SeeInvis .   a - +12 broad axe "Atuomesu" {antimagic, +Rage Str+4}
rCold    + . .     Gourm    .   (no shield)
rNeg     . . .     Faith    .   R - +1 plate armour {rC+}
rPois    +         Spirit   +   (helmet unavailable)
rElec    .         Reflect  +   J - +2 cloak
rCorr    +         Harm     .   M - +2 pair of gloves
MR       +....                  w - +2 pair of boots
Stlth    ..........             h - +4 amulet of reflection
HPRegen  0.33/turn              X - +4 ring of protection
MPRegen  0.09/turn              V - ring of resist corrosion

@: about to teleport, berserk cooldown, slowed, very slow
A: horns 3, slimy green scales 3, fire resistance 1, augmentation 1, magic
shield, flame cloud immunity
}: 1/15 runes: serpentine
a: Berserk, Trog's Hand, Brothers in Arms, Renounce Religion, Evoke Berserk Rage


You were on level 4 of the Shoals.
You worshipped Trog.
Trog was exalted by your worship.
You were hungry.

You visited 5 branches of the dungeon, and saw 28 of its levels.
You also visited: Sewer and Ice Cave.

You collected 2563 gold pieces.
You spent 347 gold pieces at shops.

Inventory:

Hand Weapons
 a - the +12 broad axe "Atuomesu" (weapon) {antimagic, +Rage Str+4}
   (Trog gifted it to you on level 4 of the Snake Pit)

   It reduces the magical energy of the wielder, and disrupts the spells and
   magical abilities of those hit.
   Natural abilities and divine invocations are not affected.
   It affects your strength (+4).
   It lets you go berserk.
 b - the +8 longbow of Fomus {venom, rC+ rN+}
   (You found it on level 7 of the Dungeon)

   It poisons the ammo it fires.
   It protects you from cold.
   It protects you from negative energy.
 r - the +8 broad axe of Impermanence {distort, *Corrode rElec rN+ Stlth+}
   (Trog gifted it to you on level 1 of the Orcish Mines)

   It warps and distorts space around it.
   Unwielding it can cause banishment or high damage.
   It insulates you from electricity.
   It protects you from negative energy.
   It may corrode you when you take damage.
   It makes you more stealthy.
 O - a +2 broad axe of flaming
Missiles
 t - 683 arrows
 A - 90 poisoned darts (quivered)
Armour
 w - a +2 pair of boots (worn)
 J - a +2 cloak (worn)
 M - a +2 pair of gloves (worn)
 R - a +1 plate armour of cold resistance (worn)
Jewellery
 h - a +4 amulet of reflection (around neck)
 j - an uncursed ring of positive energy
 H - an uncursed ring of see invisible
 N - an uncursed ring of protection from cold
 Q - an uncursed ring of flight
 S - an uncursed amulet of the acrobat
 V - a ring of resist corrosion (right hand)
 X - a +4 ring of protection (left hand)
Wands
 d - a wand of acid (25)
 e - a wand of random effects (96)
 n - a wand of polymorph (9)
 u - a wand of clouds (1)
 v - a wand of scattershot (3)
 C - a wand of flame (95)
 I - a wand of disintegration (46)
 K - a wand of paralysis (30)
 Y - a wand of digging (9)
Scrolls
 f - 3 scrolls of silence
 g - 11 scrolls of teleportation
 i - a scroll of enchant weapon
 o - 18 scrolls of remove curse
 x - 7 scrolls of identify
 y - 8 scrolls of magic mapping
 G - 6 scrolls of fear
 P - a scroll of fog
 U - a scroll of summoning
Potions
 k - 9 potions of flight
 l - 7 potions of lignification
 m - 4 potions of mutation
 p - 3 potions of cancellation
 q - 5 potions of brilliance
 s - 2 potions of heal wounds
 z - 3 potions of magic
 B - 3 potions of might
 D - 3 potions of curing
 E - 6 potions of agility
 F - a potion of berserk rage
 L - a potion of resistance
 T - a potion of haste
 W - 2 potions of ambrosia
Comestibles
 c - 46 rations
 Z - 2 chunks of flesh


   Skills:
 * Level 15.6 Fighting
 + Level 18.2 Axes
 * Level 9.5 Bows
 + Level 0.4 Throwing
 * Level 13.4 Armour
 + Level 3.7 Dodging
 + Level 1.6 Stealth
   Level 4.0 Shields
 + Level 1.1 Evocations


You had 16 spell levels left.
You didn't know any spells.
Your spell library was empty.

Dungeon Overview and Level Annotations

Branches:
Dungeon (12/15)            Temple (0/1) D:7            Lair (6/6) D:9
 Shoals (4/4) Lair:3        Snake (4/4) Lair:4        Slime (0/5) Lair:6
    Orc (2/2) D:12            Elf (0/3) Orc:2         Sewer (visited)
  IceCv (visited)

Altars:
Ashenzari
Elyvilon
Fedhas
Hepliaklqana
Kikubaaqudgha
Makhleb
Qazlal
Ru
Trog
Uskayaw
Vehumet
Xom
Yredelemnul
The Shining One
Jiyva

Shops:
Orc:2 ((%}   Shoals:1 ?[   Snake:1 [

Annotations:
D:12 exclusion: orange crystal statue


Innate Abilities, Weirdness & Mutations

You have a pair of large horns on your head.
You are completely covered in slimy green scales. (AC +4, rPois)
Your flesh is heat resistant. (rF+)
Your magical and physical power is slightly enhanced at high health.
When hurt, damage is shared between your health and your magic reserves.
You are immune to clouds of flame.


Message History

The merfolk hits you but does no damage.
The merfolk impaler hits you but does no damage.
The sea snake bites you but does no damage.
As you read the scroll of teleportation, it crumbles to dust.
You feel strangely unstable.
The harpy screeches!
The harpy claws you.
* * * LOW HITPOINT WARNING * * *
The harpy claws you but does no damage. The harpy claws you.
* * * LOW HITPOINT WARNING * * *
The harpy claws you but does no damage.
The merfolk hits you but does no damage.
The harpy barely misses you. You block the harpy's attack.
The merfolk impaler hits you with a +0 trident.
* * * LOW HITPOINT WARNING * * *
The sea snake barely misses you. The merfolk hits you with a +0 trident!
* * * LOW HITPOINT WARNING * * *
You block the harpy's attack. x2
The merfolk impaler hits you with a +0 trident!
You die...

≈≈≈≈≈≈≈≈≈≈≈≈≈,,**,,,,≈≈≈≈≈≈≈≈≈≈≈≈
≈≈≈≈≈≈≈≈≈≈≈.....***...≈.≈≈≈≈≈≈≈≈≈
≈≈≈≈≈≈≈≈≈≈..?...* *..≈≈≈≈≈≈≈≈≈≈≈≈
≈≈≈≈≈≈≈≈≈...≈≈..###.≈≈≈≈≈≈≈≈≈≈≈≈≈
≈≈≈≈≈≈≈≈...≈≈≈≈≈......≈≈≈≈≈≈≈≈≈≈≈
≈≈≈≈≈≈≈≈≈≈≈≈≈≈.≈≈....≈≈≈≈≈≈≈≈≈≈≈≈
≈≈≈≈≈≈≈≈≈≈≈≈..≈≈≈..≈≈≈≈.≈≈≈≈≈≈≈≈≈
≈≈≈≈≈≈≈≈≈≈≈≈...Hmm...≈...≈≈≈≈≈≈≈≈
≈≈≈≈≈≈.≈≈≈≈≈≈≈≈m@.†......,≈≈≈≈≈≈≈
≈≈≈≈......≈≈≈≈≈H≈S.≈.....≈#######
≈≈≈≈.............≈.≈≈≈...##≈≈≈≈≈#
,≈≈≈≈.##......##..≈≈≈≈..##≈#....≈
≈≈≈....##....####.≈≈≈≈..#≈#[.≈≈..
≈≈≈.≈.......##*#..≈≈≈...#≈..≈≈≈#.
≈≈≈≈≈≈..≈...# *...≈≈≈≈.<#≈.≈≈##≈.
≈≈≈≈≈≈≈.....#*#...≈≈≈≈./#≈.≈≈#≈..
≈≈≈≈≈≈≈≈...##*....≈≈≈≈..#≈..#≈..#


You could see a merfolk impaler, a sea snake, 2 merfolk and 2 harpies.

Vanquished Creatures
  Nikola (Snake:3)
  A kraken (Shoals:4)
  6 nagarajas
  An orc warlord (Orc:1)
  2 entropy weavers (Lair:6)
  5 dire elephants (Lair:6)
  A white draconian (IceCv)
  Snorg (D:10)
  3 merfolk impalers
  20 naga warriors
  4 hydras
  2 centaur warriors (D:8)
  3 merfolk avatars
  A merfolk aquamancer (Shoals:3)
  4 two-headed ogres
  A death yak (IceCv)
  An alligator snapping turtle (Shoals:4)
  A satyr (Shoals:3)
  11 anacondas
  3 orc high priests (Orc:2)
  A queen ant (Lair:6)
  6 naga sharpshooters
  Urug (D:10)
  Sonja (D:10)
  5 shock serpents
  Nergalle (Lair:2)
  A fire crab (D:8)
  2 salamander mystics
  10 sea snakes
  A wizard (D:11)
  7 naga ritualists
  3 harpies
  5 orc knights
  5 oklob plants
  4 mana vipers
  A cyclops (Shoals:3)
  9 manticores
  4 fauns
  5 orc sorcerers
  An ugly thing (D:7)
  10 salamanders
  22 elephants
  Maurice (D:10)
  3 guardian serpents
  8 merfolk sirens
  An ice statue (IceCv)
  20 black mambas
  26 naga magi
  A torpor snail (Lair:2)
  9 spiny frogs
  A gargoyle (D:11)
  4 rime drakes
  8 komodo dragons
  A freezing wraith (D:12)
  A queen bee (Lair:5)
  4 trolls
  15 polar bears
  Grinder (D:4)
  9 merfolk
  2 wind drakes
  3 hornets (D:8)
  3 meliai (Lair:5)
  10 blink frogs (Lair:6)
  8 hippogriffs
  6 snapping turtles
  7 dream sheep
  5 wyverns
  4 water elementals
  A vampire (D:11)
  37 yaks
  2 steam dragons (D:12)
  A hungry ghost (D:12)
  A vampire mosquito (D:8)
  6 wargs
  36 nagas
  23 soldier ants
  5 porcupines
  11 water moccasins
  26 orc warriors
  4 ice beasts
  5 sky beasts
  A phantom (D:11)
  An eye of draining (D:8)
  A necrophage (D:9)
  10 ogres
  26 wolves
  14 centaurs
  11 crocodiles
  2 big kobolds
  Blork the orc (D:4)
  15 bullfrogs
  6 scorpions
  31 killer bees
  5 howler monkeys
  An electric eel (Lair:3)
  A vampire bat (D:5)
  A lava snake (D:12)
  3 centaur zombies
  3 crimson imps
  6 hounds
  3 centaur skeletons
  3 bullfrog skeletons
  19 orc priests
  7 jellies
  3 iguanas
  25 orc wizards
  Ijyb (D:2)
  25 worker ants
  A hound zombie (D:6)
  A howler monkey zombie (D:6)
  16 gnolls
  10 adders
  11 river rats
  2 shadow imps (D:8)
  4 oozes
  3 worms (D:2)
  4 dart slugs
  2 leopard geckos
  80 orcs
  5 bats
  2 bat skeletons (D:5)
  3 bat zombies (D:5)
  3 giant cockroaches
  8 hobgoblins
  12 jackals
  21 kobolds
  4 quokkas
  5 ball pythons
  8 frilled lizards
  A giant cockroach zombie (D:6)
  12 goblins
  A jackal skeleton (D:8)
  A jackal zombie (D:6)
  26 rats
  A spectral orc (D:4)
  5 fungi
  6 plants
  2 tentacles (Shoals:4)
981 creatures vanquished.

Vanquished Creatures (collateral kills)
  4 orcs (D:8)
4 creatures vanquished.

Vanquished Creatures (others)
  A faun (Shoals:3)
  A naga mage (Snake:4)
  A rime drake (IceCv)
  3 polar bears (IceCv)
  A dream sheep (Shoals:3)
  A yak (IceCv)
  3 wolves (IceCv)
  12 fungi
  14 plants
  7 tentacles (Shoals:4)
44 creatures vanquished.

Grand Total: 1029 creatures vanquished

Notes
Turn   | Place    | Note
-------+----------+-------------------------------------------
     0 | D:1      | eccles the Demonspawn Berserker began the quest for the
                  | Orb.
     0 | D:1      | Reached XP level 1. HP: 18/18 MP: 1/1
   125 | D:1      | Reached skill level 3 in Axes
   125 | D:1      | Gained mutation: You are partially covered in slimy green
                  | scales. (AC +2) [demonic ancestry]
   125 | D:1      | Reached XP level 2. HP: 15/24 MP: 2/2
   384 | D:1      | Gained mutation: Your flesh is heat resistant. (rF+)
                  | [demonic ancestry]
   384 | D:1      | Reached XP level 3. HP: 17/29 MP: 3/3
   602 | D:1      | Reached ** piety under Trog
   722 | D:2      | Gained mutation: When hurt, damage is shared between your
                  | health and your magic reserves. [demonic ancestry]
   722 | D:2      | Reached XP level 4. HP: 36/36 MP: 4/4
   749 | D:2      | Noticed Ijyb
   872 | D:2      | Killed Ijyb
   872 | D:2      | Reached skill level 4 in Axes
  1036 | D:2      | Reached XP level 5. HP: 36/42 MP: 5/5
  1643 | D:3      | Reached *** piety under Trog
  1691 | D:3      | Found a glowing golden altar of the Shining One.
  1772 | D:3      | Found a faded altar of an unknown god.
  1894 | D:3      | Found a blossoming altar of Fedhas.
  2062 | D:4      | Noticed Grinder
  2063 | D:4      | Paralysed by Grinder for 5 turns
  2077 | D:4      | Paralysed by Grinder for 2 turns
  2080 | D:4      | Killed Grinder
  2080 | D:4      | Reached skill level 5 in Axes
  2080 | D:4      | Reached XP level 6. HP: 17/49 MP: 2/6
  2332 | D:4      | Noticed Blork the orc
  2345 | D:4      | Killed Blork the orc
  2345 | D:4      | Reached XP level 7. HP: 55/55 MP: 7/7
  2385 | D:4      | Reached skill level 6 in Axes
  2491 | D:4      | Found a glowing drain.
  2515 | D:4      | Paralysed by fainting for 11 turns
  2539 | Sewer    | Entered a sewer
  2747 | Sewer    | Reached **** piety under Trog
  3365 | D:4      | Found a basalt altar of Yredelemnul.
  3390 | D:4      | Found a white marble altar of Elyvilon.
  3418 | D:4      | Found a stormy altar of Qazlal.
  3481 | D:4      | Reached skill level 7 in Axes
  3499 | D:4      | Found a bloodstained altar of Trog.
  3549 | D:4      | Reached skill level 5 in Fighting
  3549 | D:4      | Gained mutation: You have a pair of small horns on your
                  | head. [demonic ancestry]
  3549 | D:4      | Reached XP level 8. HP: 58/62 MP: 8/8
  3630 | D:5      | Entered Level 5 of the Dungeon
  3771 | D:5      | Found an ancient bone altar of Kikubaaqudgha.
  3988 | D:5      | Reached ***** piety under Trog
  3998 | D:5      | Found a shimmering altar of Xom.
  4235 | D:6      | Reached skill level 1 in Shields
  4845 | D:6      | Found a shattered altar of Ashenzari.
  5279 | D:7      | Reached skill level 5 in Armour
  5333 | D:7      | Reached skill level 8 in Axes
  5644 | D:7      | Noticed a cyan ugly thing
  5653 | D:7      | Gained mutation: You have a pair of horns on your head.
                  | [demonic ancestry]
  5653 | D:7      | Reached XP level 9. HP: 43/69 MP: 3/9
  5655 | D:7      | HP: 1/103 [cyan ugly thing (15)]
  5996 | D:7      | Killed a cyan ugly thing
  6094 | D:7      | Found a staircase to the Ecumenical Temple.
  6208 | D:7      | Got a pitted longbow
  6231 | D:7      | Identified the +8 longbow of Fomus {venom, rC+ rN+} (You
                  | found it on level 7 of the Dungeon)
  6563 | D:8      | Paralysed by a hornet for 1 turns
  6570 | D:8      | Paralysed by a hornet for 3 turns
  6825 | D:8      | Found a sacrificial altar of Ru.
  6825 | D:8      | Found a burning altar of Makhleb.
  6862 | D:8      | Reached skill level 9 in Axes
  7594 | D:8      | Found a runed translucent door.
  7594 | D:8      | Noticed a fire crab
  7594 | D:8      | Noticed a centaur warrior
  7594 | D:8      | Noticed a centaur warrior
  7595 | D:8      | Identified the +8 great sword "Worm's Wrath" {slice, rElec
                  | SInv Stlth+}
  7596 | D:8      | Noticed a harpy
  7596 | D:8      | Noticed an orc knight
  7770 | D:9      | Noticed a two-headed ogre
  7777 | D:9      | Killed a two-headed ogre
  7777 | D:9      | Reached skill level 1 in Bows
  7777 | D:9      | Reached XP level 10. HP: 40/79 MP: 5/10
  7973 | D:9      | Got a pitted leather armour
  7991 | D:9      | Found a staircase to the Lair.
  8003 | D:9      | Noticed a two-headed ogre
  8022 | D:9      | Killed a two-headed ogre
  8088 | D:9      | Identified the +3 leather armour "Webrokk" {Slay+2 SInv}
                  | (You found it on level 9 of the Dungeon)
  8470 | D:9      | Reached skill level 10 in Axes
  8823 | D:10     | Entered Level 10 of the Dungeon
  9021 | D:10     | Noticed Maurice
  9035 | D:10     | Killed Maurice
  9048 | D:10     | Noticed Urug
  9073 | D:10     | HP: 1/81 [Urug/+5 glaive (16)]
  9304 | D:11     | Gained mutation: You have a pair of large horns on your
                  | head. [demonic ancestry]
  9304 | D:11     | Reached XP level 11. HP: 52/87 MP: 9/11
  9311 | D:11     | Found a frozen archway.
  9352 | IceCv    | Entered an ice cave
 10666 | IceCv    | Reached skill level 11 in Axes
 10987 | IceCv    | Reached skill level 1 in Stealth
 11144 | IceCv    | Reached skill level 5 in Bows
 11169 | IceCv    | Received a gift from Trog
 11388 | IceCv    | Noticed a white draconian
 11388 | IceCv    | Noticed a death yak
 11420 | IceCv    | Killed a white draconian
 11420 | IceCv    | Gained mutation: You are mostly covered in slimy green
                  | scales. (AC +3) [demonic ancestry]
 11420 | IceCv    | Reached XP level 12. HP: 47/96 MP: 6/12
 11439 | IceCv    | Killed a death yak
 11744 | D:11     | Reached skill level 1 in Evocations
 11976 | D:11     | Reached skill level 12 in Axes
 11978 | D:11     | Reached skill level 10 in Fighting
 12277 | D:11     | Received a gift from Trog
 12666 | D:12     | Noticed a two-headed ogre
 12671 | D:12     | Killed a two-headed ogre
 12977 | D:12     | Found a staircase to the Orcish Mines.
 13186 | D:12     | Noticed a two-headed ogre
 13189 | D:12     | Killed a two-headed ogre
 13752 | D:10     | Killed Urug
 13752 | D:10     | Received a gift from Trog
 13910 | D:10     | Noticed Snorg
 13928 | D:10     | Killed Snorg
 13928 | D:10     | Reached skill level 13 in Axes
 14290 | D:10     | Noticed Sonja
 14297 | D:10     | Killed Sonja
 14449 | Lair:1   | Entered Level 1 of the Lair of Beasts
 14705 | Lair:1   | Reached XP level 13. HP: 96/104 MP: 11/13
 15034 | Lair:2   | Noticed Nergalle
 15044 | Lair:1   | Upgraded the game from 0.24.0-35-gdb84b6a5db to
                  | 0.24.0-37-gcf1ca852f1
 15058 | Lair:2   | Killed Nergalle
 15221 | Lair:2   | You fall into a shaft and drop 1 floor!
 15358 | Lair:3   | Found a staircase to the Shoals.
 16433 | Lair:4   | Received a gift from Trog
 16604 | Lair:4   | Found a staircase to the Snake Pit.
 17085 | Lair:5   | Reached skill level 10 in Armour
 17166 | Lair:5   | Received a gift from Trog
 17168 | Lair:5   | Reached skill level 14 in Axes
 17188 | Lair:5   | HP: 3/106 [spiny frog (6)]
 17190 | Lair:5   | HP: 1/106 [poisoned by a killer bee]
 18021 | Lair:6   | Entered Level 6 of the Lair of Beasts
 18198 | Lair:6   | Gained mutation: You are completely covered in slimy green
                  | scales. (AC +4, rPois) [demonic ancestry]
 18198 | Lair:6   | Reached XP level 14. HP: 96/114 MP: 11/14
 18270 | Lair:6   | Found a viscous altar of Jiyva.
 18271 | Lair:6   | Found a staircase to the Slime Pits.
 18500 | Lair:6   | Noticed an entropy weaver
 18538 | Lair:6   | Reached ****** piety under Trog
 18551 | Lair:6   | Killed an entropy weaver
 18553 | Lair:6   | Received a gift from Trog
 18577 | Lair:6   | Noticed an entropy weaver
 18939 | Lair:6   | Killed an entropy weaver
 18939 | Lair:6   | Reached skill level 15 in Axes
 21025 | Lair:6   | Received a gift from Trog
 21177 | Orc:1    | Entered Level 1 of the Orcish Mines
 21343 | Orc:1    | Noticed an orc warlord
 21356 | Orc:1    | Killed an orc warlord
 21359 | Orc:1    | Received a gift from Trog
 21384 | Orc:1    | Received a gift from Trog
 21414 | Orc:1    | Got a scorched broad axe {god gift}
 21889 | Orc:2    | Entered Level 2 of the Orcish Mines
 21918 | Orc:2    | Found a staircase to the Elven Halls.
 22111 | Orc:2    | Gained mutation: You are immune to clouds of flame.
                  | [demonic ancestry]
 22111 | Orc:2    | Reached XP level 15. HP: 122/122 MP: 15/15
 22448 | Orc:2    | Received a gift from Trog
 22554 | Orc:2    | Reached skill level 16 in Axes
 22590 | Orc:2    | Paralysed by an orc sorcerer for 3 turns
 22834 | Orc:2    | Found Sufeysus's Antique Weapon Shop.
 22834 | Orc:2    | Found Nijumes's Gadget Shoppe.
 22847 | Orc:2    | Found Jukil's Food Shoppe.
 22847 | Orc:2    | Found Nidour's Weapon Shop.
 23213 | Snake:1  | Entered Level 1 of the Snake Pit
 23229 | Snake:1  | Identified the +8 broad axe of Impermanence {distort,
                  | *Corrode rElec rN+ Stlth+} (Trog gifted it to you on level
                  | 1 of the Orcish Mines)
 23269 | Snake:1  | Found Unywenao's Armour Emporium.
 24548 | Snake:2  | Received a gift from Trog
 24574 | Snake:2  | Noticed a nagaraja
 24615 | Snake:2  | Killed a nagaraja
 26541 | Snake:3  | Found a hazy altar of Hepliaklqana.
 26669 | Snake:3  | Reached skill level 17 in Axes
 26930 | Snake:3  | Reached XP level 16. HP: 119/133 MP: 13/16
 26968 | Snake:3  | Noticed Nikola
 26981 | Snake:3  | Killed Nikola
 27402 | Snake:4  | Entered Level 4 of the Snake Pit
 27558 | Snake:4  | Found a radiant altar of Vehumet.
 28502 | Snake:4  | Received a gift from Trog
 29625 | Snake:4  | Received a gift from Trog
 29628 | Snake:4  | Got a transparent broad axe {god gift}
 29633 | Snake:4  | Identified the +12 broad axe "Atuomesu" {antimagic, +Rage
                  | Str+4} (Trog gifted it to you on level 4 of the Snake Pit)
 30266 | Snake:4  | Reached skill level 18 in Axes
 30601 | Snake:4  | Got a serpentine rune of Zot
 30948 | D:8      | Reached skill level 15 in Fighting
 31236 | Shoals:1 | Entered Level 1 of the Shoals
 31460 | Shoals:1 | Found Fuaqud's Armour Boutique.
 31643 | Shoals:1 | Found Sugurig's Magic Scroll Boutique.
 31677 | Shoals:1 | Received a gift from Trog
 31686 | Shoals:1 | Bought a scroll of magic mapping for 59 gold pieces
 31686 | Shoals:1 | Bought a scroll of magic mapping for 59 gold pieces
 31686 | Shoals:1 | Bought a scroll of remove curse for 51 gold pieces
 31686 | Shoals:1 | Bought a scroll of magic mapping for 59 gold pieces
 31686 | Shoals:1 | Bought a scroll of identify for 34 gold pieces
 31686 | Shoals:1 | Bought a scroll of identify for 34 gold pieces
 31686 | Shoals:1 | Bought a scroll of remove curse for 51 gold pieces
 31856 | Shoals:1 | You fall into a shaft and drop 1 floor!
 31942 | Shoals:2 | Found a hide-covered altar of Uskayaw.
 32246 | Shoals:2 | Gained mutation: Your magical and physical power is
                  | slightly enhanced at high health. [demonic ancestry]
 32246 | Shoals:2 | Reached XP level 17. HP: 126/142 MP: 5/17
 32646 | Shoals:3 | Received a gift from Trog
 33474 | Shoals:4 | Entered Level 4 of the Shoals
 34084 | Shoals:4 | Noticed a kraken
 34098 | Shoals:4 | Killed a kraken
 34376 | Shoals:4 | HP: 6/142 [merfolk/+0 trident (9)]
 34376 | Shoals:4 | Slain by a merfolk impaler

Levels and vault maps discovered:
D:1:      dpeg_arrival_radiant, layout_rooms, hangedman_abyss_or_decor_stabs
D:2:      kennysheep_the_goblin_king, layout_rooms, minmay_pentomino_o2
D:3:      layout_rooms, lemuel_doored_altar, fedhas_ov_isle_minmay,
          chequers_ecumenical_altar_simple_redux, grunt_ministairs_14
D:4:      layout_cave_pools, nicolae_overflow_crystal_walls,
          yredelemnul_forgotten_temple_becter, kennysheep_mini,
          portal_sewer_entry_b, nicolae_qazlal_general_emergency, uniq_grinder,
          uniq_blork_the_orc
D:5:      layout_basic, lemuel_crystal_altar, kennysheep_vampire_church,
          first_ration
D:6:      layout_cave_pods, marbit_many_paths, nicolae_underground_beach
D:7:      layout_basic, minmay_temple_entry_junction, solitary_fountain
D:8:      minmay_gate_of_8, layout_basic, gammafunk_temple_overflow_elements
D:9:      layout_basic, lair_entry_dummy
D:10:     layout_gridville, hangedman_fish_farm, corner_web_ring, uniq_snorg,
          uniq_sonja, uniq_maurice, uniq_urug
D:11:     layout_gridville, portal_ice_cave_entry_pillars_2
D:12:     minmay_statue_hallways, layout_irregular_city, orc_0_dummy,
          serial_park_tiny_2, kennysheep_generic_room_3
Lair:1:   layout_chaotic_city, serial_bayou_lagoon_a, grunt_megastairs_2
Lair:2:   layout_misc_corridors, chequers_serial_rivers_small_a, uniq_nergalle
Lair:3:   layout_chaotic_city, minmay_shoals_entry_beasts,
          infiniplex_staircase_pool, grunt_megastairs_5, serial_bayou_shore_a
Lair:4:   layout_regular_city, minmay_snake_entry_guardpost_small, minivault_25
Lair:5:   layout_roguey [special_room_bee]
Lair:6:   due_jungle_book, layout_regular_city, slime_altar_1, st_stairs_8,
          minivault_29, minmay_lair_oklob_chamber, grunt_megastairs_3,
          lemuel_fruit_tree
Shoals:1: layout_shoals, serial_shops, nicolae_shop_behind_doors, shop
Shoals:2: layout_shoals, lemuel_oklob_altar
Shoals:3: layout_shoals
Shoals:4: shoals_end_hangedman, layout_shoals
Snake:1:  layout_misc_corridors, serial_shops, shop, drop_trap
Snake:2:  layout_cave_pods, hangedman_corner_corridor
Snake:3:  layout_concentric_octagons, basic_altar, statue_in_the_mist_lemuel,
          uniq_nikola
Snake:4:  snake_pit, layout_gridlike, basic_altar
Orc:1:    layout_caves, nicolae_orc_sculptors_studio
Orc:2:    grunt_orc_tribal_feast, layout_diamond_mine

Skill      XL: |  1  2  3  4  5  6  7  8  9 10 11 12 13 14 15 16 17 |
---------------+----------------------------------------------------+-----
Axes           | 3 4 5 7 8 9 10 11 13 14 15 17 18 | 18.2
Dodging        | 2 3 |  3.7
Armour         | 2 3 5 6 7 8 9 10 11 12 13 | 13.4
Fighting       | 4 5 6 7 8 9 10 11 12 14 15 | 15.6
Shields        | 1 3 4 |  4.0
Bows           | 1 4 5 6 7 8 9 |  9.5
Stealth        | 1 |  1.6
Evocations     | 1 |  1.1
Throwing       | |  0.4

Action                   |  1- 3 |  4- 6 |  7- 9 | 10-12 | 13-15 | 16-18 || total
-------------------------+-------+-------+-------+-------+-------+-------++-------
Melee: Hand axe          |    77 |   196 |   254 |       |       |       ||   527
       War axe           |       |       |   284 |   362 |       |       ||   646
       Headbutt          |       |       |    42 |    98 |   191 |   135 ||   466
       Battleaxe         |       |       |       |   147 |   883 |   200 ||  1230
       Broad axe         |       |       |       |       |    52 |   276 ||   328
 Fire: Longbow           |       |       |    35 |   202 |   257 |   123 ||   617
Throw: Dart              |       |       |     3 |       |     4 |    10 ||    17
Invok: Berserk           |     1 |     2 |     5 |     7 |    12 |     9 ||    36
Evoke: Wand              |       |       |     2 |     7 |     5 |     1 ||    15
  Use: Scroll            |       |    13 |    10 |     8 |    17 |     7 ||    55
       Potion            |       |       |     1 |     4 |     3 |     5 ||    13
 Stab: Confused          |       |     3 |       |       |       |       ||     3
  Eat: Chunk             |       |     7 |    16 |    28 |    28 |     8 ||    87
       Ration            |       |       |     2 |     1 |     6 |     7 ||    16
Armor: Animal skin       |     8 |       |       |       |       |       ||     8
       Chain mail        |    35 |   109 |   410 |       |       |       ||   554
       Plate armour      |       |       |     3 |   527 |   765 |   432 ||  1727
Dodge: Dodged            |    51 |    73 |   238 |   234 |   368 |   213 ||  1177
Block: Buckler           |       |       |    83 |       |       |       ||    83
       Reflection        |       |       |     1 |     8 |     4 |    10 ||    23
       Other             |       |       |    30 |   133 |   150 |    90 ||   403
